 Dungeon Crawl Stone Soup version 0.32-a0-558-g233958a4c4 (webtiles) character file.

Game seed: 4286231782055729127

1405 Leszczynek the Fighter (level 8, -1/88 HPs)
             Began as an Oni Alchemist on Mar 1, 2024.
             Was a Follower of Cheibriados.
             Slain by a gnoll bouda
             ... wielding a +0 club
              (10 damage)
             ... on level 6 of the Dungeon.
             The game lasted 00:17:53 (2704 turns).

Leszczynek the Fighter (Oni Alchemist)              Turns: 2704, Time: 00:17:54

Health: -1/88      AC:  4    Str: 21    XL:     8   Next: 70%
Magic:  11/11      EV: 15    Int: 18    God:    Cheibriados [*.....]
Gold:   229        SH:  0    Dex: 13    Spells: 8/11 levels left

rFire   . . .        j - +0 war axe
rCold   . . .        i - orb {light}
rNeg    . . .        a - +0 robe
rPois   .            (helmet restricted)
rElec   .            k - +0 cloak
rCorr   .            (gloves unavailable)
SInv    .            (boots unavailable)
Will    .....        (no amulet)
Stlth   +            f - +5 ring of evasion
HPRegen 0.34/turn    w - +6 ring of strength
MPRegen 0.12/turn

%: no passive effects
@: weakened, glowing, very slow
A: large, unfitting armour, horns 1, tough skin 1, double potion healing,
drunken brawling
a: Renounce Religion, Bend Time


You were on level 6 of the Dungeon.
You worshipped Cheibriados.
Cheibriados was aware of your devotion.
You visited 2 branches of the dungeon, and saw 7 of its levels.

You collected 281 gold pieces.
You spent 52 gold pieces at shops.

Inventory:

Hand Weapons
 d - a +0 club
 e - a +0 dagger
 j - a +0 war axe (weapon)
Missiles
 q - 2 poisoned darts
Armour
 a - a +0 robe (worn)
 i - an orb of light (worn)
 k - a +0 cloak (worn)
Jewellery
 f - a +5 ring of evasion (left hand)
 h - a ring of resist corrosion
 w - a +6 ring of strength (right hand)
Wands
 c - a wand of light (6)
 m - a wand of iceblast (9)
Scrolls
 g - a scroll of revelation {unknown}
 n - a scroll of teleportation
 o - a scroll of enchant armour
 r - a scroll of immolation {!r}
 t - a scroll of fog {unknown}
 x - a scroll of blinking {unknown}
 z - a scroll of enchant weapon {unknown}
Potions
 b - a potion of magic
 l - 2 potions of curing {@q1}
 p - a potion of ambrosia
 u - a potion of resistance {unknown}
 v - a potion of heal wounds {unknown}


   Skills:
 + Level 8.2 Fighting
 * Level 8.1 Axes
 - Level 1.7 Dodging
 - Level 1.4 Stealth
 - Level 2.4 Spellcasting
 - Level 0.8 Conjurations
 - Level 2.6 Alchemy


You had 8 spell levels left.
You knew the following spells:

 Your Spells              Type           Power      Damage    Failure   Level
a - Sting                 Conj/Alch      32%        1d5       9%          1
b - Mercury Vapours       Alch/Air       14%        N/A       16%         2

Your spell library contained the following spells:

 Spells                   Type           Power      Damage    Failure   Level
 Momentum Strike          Conj/Tloc      6%         3d8       22%         2
 Blink                    Tloc           4%         N/A       26%         2
 Lesser Beckoning         Tloc           4%         N/A       26%         2
 Mephitic Cloud           Conj/Alch/Air  6%         N/A       32%         3
 Olgreb's Toxic Radiance  Alch           11%        N/A       50%         4
 Ignite Poison            Fire/Alch      7%         N/A       69%         4
 Sticky Flame             Fire/Alch      7%         2d4       69%         4
 Ignition                 Fire           1%         3d3       100%        8


Dungeon Overview and Level Annotations

Branches:
Dungeon (6/15)             Temple (1/1) D:5

Altars:
Ashenzari
Cheibriados
Elyvilon
Fedhas
Gozag
Hepliaklqana
Kikubaaqudgha
Nemelex Xobeh
Okawaru
Ru
Sif Muna
Uskayaw
Wu Jian
Yredelemnul

Shops:
D:1 ?

Annotations:
D:6 Pikel


Innate Abilities, Weirdness & Mutations

You are too large for most types of armour.
You have a pair of small horns on your head.
You have tough skin. (AC +1)
You gain doubled healing and magic from potions.
Whenever you drink a healing potion, you attack all around you.


Message History

The gnoll is moderately wounded.
You feel sick. The gnoll closely misses you.
You hit the gnoll but do no damage.
The gnoll is moderately wounded.
You feel sick.
The gnoll bouda barks out a call to the hunt!
The gnoll picks up the pace!
The gnoll barely misses you.
Unknown command.
You hit the gnoll but do no damage.
The gnoll is moderately wounded.
The gnoll closely misses you.
You slash the gnoll!
You kill the gnoll!
Cheibriados appreciates the change of pace.
You feel sick.
You barely miss the gnoll bouda.
You feel sick.
The gnoll bouda hits you with a +0 club.
You hit the gnoll bouda but do no damage.
The gnoll bouda hits you with a +0 club!
You slash the gnoll bouda!
The gnoll bouda is heavily wounded.
You feel sick.
You are no longer poisoned.
The gnoll bouda gazes fiercely through you!
You feel your attacks grow feeble.
The gnoll bouda hits you with a +0 club!
* * * LOW HITPOINT WARNING * * *
You hit the gnoll bouda.
The gnoll bouda is heavily wounded.
The gnoll bouda hits you with a +0 club.
* * * LOW HITPOINT WARNING * * *
You hit the gnoll bouda but do no damage.
The gnoll bouda is heavily wounded.
The gnoll bouda closely misses you. x2
You hit the gnoll bouda.
The gnoll bouda is severely wounded.
The gnoll bouda hits you with a +0 club!
You die...
Cheibriados appreciates the motionlessness of death.

#.###
#.....#################
......g@).............#
..###.###############.#
.. #.## ## #..# ##.#
#.# #.# #.. ###


You could see a gnoll bouda.

Vanquished Creatures
  A water moccasin (D:6)
  An ice beast (D:6)
  A sky beast (D:6)
  A black bear (D:5)
  An ogre (D:4)
  A centaur (D:4)
  A phantom (D:5)
  2 scorpions
  4 killer bees (D:5)
  2 bombardier beetles
  2 jellies (D:6)
  4 hounds
  2 sleepcaps
  2 iguanas (D:4)
  4 adders
  4 gnolls (D:6)
  2 ufetubi (D:5)
  A dart slug (D:5)
  4 orcs
  9 endoplasms
  3 giant cockroaches
  A goblin (D:4)
  4 hobgoblins
  4 jackals
  A kobold (D:3)
  7 quokkas
  5 ball pythons
  A bat (D:2)
  6 frilled lizards
  5 rats
86 creatures vanquished.

Notes
Turn   | Place    | Note
-------+----------+-------------------------------------------
     0 | D:1      | Leszczynek the Oni Alchemist began the quest for the Orb.
     0 | D:1      | Reached XP level 1. HP: 16/16 MP: 3/3
    36 | D:1      | Reached skill level 1 in Fighting
    39 | D:1      | Found Zad Miaff's Magic Scroll Shop.
    98 | D:1      | Reached skill level 2 in Fighting
   105 | D:1      | Reached XP level 2. HP: 27/28 MP: 1/5
   147 | D:1      | Learned a level 2 spell: Mercury Vapours
   209 | D:1      | Reached skill level 3 in Fighting
   452 | D:2      | Reached XP level 3. HP: 27/37 MP: 6/6
   512 | D:1      | Bought a scroll of identify for 26 gold pieces
   512 | D:1      | Bought a scroll of identify for 26 gold pieces
   646 | D:2      | Reached skill level 1 in Axes
   798 | D:3      | Reached XP level 4. HP: 43/46 MP: 5/7
   879 | D:3      | Reached skill level 2 in Axes
  1150 | D:5      | Entered Level 5 of the Dungeon
  1236 | D:6      | Reached skill level 4 in Fighting
  1276 | D:6      | Reached skill level 3 in Axes
  1276 | D:6      | Reached XP level 5. HP: 12/54 MP: 8/8
  1340 | D:6      | Noticed a lemure
  1340 | D:6      | Noticed Pikel
  1377 | D:5      | HP: 11/55 [poisoned by a killer bee]
  1388 | D:5      | HP: 7/55 [killer bee (4)]
  1439 | D:4      | Reached skill level 5 in Fighting
  1439 | D:4      | Reached skill level 4 in Axes
  1439 | D:4      | Reached XP level 6. HP: 31/66 MP: 4/9
  1560 | D:4      | Found a white marble altar of Elyvilon.
  1707 | D:4      | Reached skill level 5 in Axes
  1707 | D:4      | Reached XP level 7. HP: 55/74 MP: 7/10
  1724 | D:4      | Reached skill level 6 in Fighting
  1823 | D:4      | Found a sparkling altar of Nemelex Xobeh.
  1923 | D:5      | Found a staircase to the Ecumenical Temple.
  1936 | Temple   | Entered the Ecumenical Temple
  1944 | Temple   | Became a worshipper of Cheibriados the Contemplative
  2114 | D:5      | Reached skill level 6 in Axes
  2149 | D:5      | Reached skill level 7 in Fighting
  2264 | D:5      | Reached XP level 8. HP: 74/87 MP: 3/11
  2310 | D:5      | Reached skill level 7 in Axes
  2454 | D:6      | Found a faded altar of an unknown god.
  2455 | D:6      | Found a hazy altar of Hepliaklqana.
  2456 | D:6      | Found a faded altar of an unknown god.
  2545 | D:6      | HP: 9/88 [ice beast (12)]
  2550 | D:6      | Reached * piety under Cheibriados
  2551 | D:6      | Reached skill level 8 in Fighting
  2585 | D:6      | Found a basalt altar of Yredelemnul.
  2670 | D:6      | Reached skill level 8 in Axes
  2701 | D:6      | HP: 11/88 [gnoll bouda/+0 club (11)]
  2704 | D:6      | Slain by a gnoll bouda

Illustrated notes

Levels and vault maps discovered:
D:1:      dpeg_arrival_pits, layout_basic, serial_shops, shop,
          minmay_misc_feat_iff, minmay_pentomino_p2
D:2:      layout_basic, serial_bayou_pond_e, minmay_tripent
D:3:      layout_loops_ring
D:4:      layout_rooms, kennysheep_mini_moat, nicolae_elyvilon_temple_path,
          minmay_misc_feat_alley, kennysheep_big_empty_room
D:5:      layout_loops_ring, minmay_temple_entry_drinking_statues,
          nicolae_underground_beach
D:6:      layout_basic, lemuel_doored_altar,
          nicolae_hepliaklqana_ecumenical_no_more, abandoned_shop,
          uniq_prince_ribbit1, uniq_pikel
Temple:   dpeg_chambers_temple

Skill      XL: |  1  2  3  4  5  6  7  8 |
---------------+-------------------------+-----
Fighting       | 2 3 4 5 7 8 |  8.2
Axes           | 1 3 4 5 6 8 |  8.1
Dodging        | |  1.7
Stealth        | |  1.4
Spellcasting   | |  2.4
Conjurations   | |  0.8
Alchemy        | |  2.6

Action                     |  1- 3 |  4- 6 |  7- 9 || total
---------------------------+-------+-------+-------++-------
  Melee: Dagger            |    28 |       |       ||    28
         Headbutt          |     7 |     9 |    24 ||    40
         War axe           |    28 |    50 |    99 ||   177
   Cast: Sting             |    24 |     8 |     7 ||    39
         Mercury Vapours   |     2 |     2 |     5 ||     9
  Evoke: Wand              |       |     2 |       ||     2
    Use: Scroll            |       |     6 |     1 ||     7
         Potion            |       |       |     2 ||     2
 Armour: Robe              |    17 |    30 |    76 ||   123
  Dodge: Dodged            |    41 |    42 |    98 ||   181

Table legend: (Time is in decaauts)
 A = Elapsed time spent in this place.
 B = Non-inter-level travel time spent in this place.
 C = Inter-level travel time spent in this place.
 D = Time resting spent in this place.
 E = Time spent auto-exploring this place.
 F = Levels seen in this place.
 G = Mean time per level.
                   A        B        C        D        E       F      G
               +--------+--------+--------+--------+--------+-----+--------+
         Total |   2976 |   2293 |    683 |      9 |      5 |   7 |  425.1 |
       Dungeon |   2957 |   2282 |    675 |      9 |      5 |   6 |  492.8 |
        Temple |     18 |     10 |      8 |      0 |      0 |   1 |   18.0 |
               +--------+--------+--------+--------+--------+-----+--------+

Top non-repeatable levels by time:
     D:5: 721 daAuts
     D:4: 562 daAuts
     D:6: 549 daAuts
     D:1: 486 daAuts
     D:3: 388 daAuts
     D:2: 249 daAuts
  Temple: 18 daAuts
